VANCOUVER vs ANAHEIM

Created - June 6, 2021 at 08:59

Goals
1 2 3 T
VANCOUVER 2 3 1 6
ANAHEIM 2 1 0 3
Shots
1 2 3 T
VANCOUVER 9 12 7 28
ANAHEIM 9 4 5 18

1st period

1. ANAHEIM , Tyler Motte 13 (Lucas Wallmark 12, Anton Stralman 46) at 14:29
2. VANCOUVER , Nick Schmaltz 12 (Jakub Vrana 19) at 14:47
3. VANCOUVER , Nazem Kadri 12 (Ryan Ellis 50, Erik Johnson 27) at 15:03
4. ANAHEIM , Pierre-Luc Dubois 17 (Trevor van Riemsdyk 13, Michael Frolik 18) at 18:13

Penalties :
Pierre-Luc Dubois (ANA) for Holding (Minor) at 11:21

2nd period

5. VANCOUVER , Nazem Kadri 13 (Mark Stone 32, Ryan Ellis 51) at 2:18
6. VANCOUVER , Mark Stone 20 (Ryan Ellis 52, Erik Johnson 28) at 3:42
7. VANCOUVER , Jonathan Huberdeau 27 (Mark Stone 33) at 17:03
8. ANAHEIM , Pierre-Luc Dubois 18 (Joel Edmundson 29, Anton Stralman 47) at 19:18

Penalties :
Olli Maatta (ANA) for Roughing (Minor) at 6:06, Tyler Motte (ANA) for Roughing (Minor) at 8:20, Luca Sbisa (VAN) for Holding (Minor) at 8:20

3rd period

9. VANCOUVER , Chris Wagner 3 (Alex Steen 11, Kevin Labanc 13) at 11:53

Penalties :
Mark Stone (VAN) for Tripping (Minor) at 12:16

Goalie Stats

Hunter Miska (VAN), 15 saves from 18 shots - (0.833), W, 4-4-0, 60:00 minutes
Juuse Saros (ANA), 22 saves from 28 shots - (0.786), L, 6-8-2, 60:00 minutes

Players Stats for VANCOUVER

Player Name              G  A  P  +/- PIM S  H  SB GA TA FO     MP     PP MP  PK MP  
------------------------------------------------------------------------------------
Alex Steen               0  1  1  -2  0   1  0  0  0  0  1/1    15:00   0:00   0:56 
Chris Wagner             1  0  1  -2  0   2  1  0  0  0  10/18  15:07   0:00   1:03 
Dennis Gilbert           0  0  0   0  0   0  0  0  0  0  0/0     4:11   0:00   0:00 
Erik Johnson             0  2  2   3  0   2  2  0  0  0  0/0    19:22   1:54   1:18 
Hampus Lindholm          0  0  0   0  0   2  0  0  0  0  0/0    21:08   2:04   0:41 
Jakub Vrana              0  1  1   1  0   0  2  0  0  0  0/0    19:21   2:04   0:00 
Jonathan Huberdeau       1  0  1   4  0   2  1  0  0  0  0/1    18:04   1:54   1:03 
Kevin Labanc             0  1  1  -2  0   1  0  0  0  0  0/0    14:04   0:00   0:00 
Luca Sbisa               0  0  0   0  2   1  0  3  0  0  0/0    15:18   0:00   0:00 
Mark Stone               1  2  3   4  2   5  3  0  0  0  4/12   24:35   1:54   0:00 
Melker Karlsson          0  0  0   0  0   1  0  0  0  0  0/0     8:15   0:00   0:00 
Nazem Kadri              2  0  2   4  0   4  2  0  0  0  15/20  16:06   1:54   0:00 
Nick Schmaltz            1  0  1   1  0   2  0  0  0  0  8/19   18:33   2:04   0:56 
Nikolaj Ehlers           0  0  0   1  0   1  1  0  0  0  0/1    18:41   2:04   0:00 
Riley Stillman           0  0  0   0  0   0  0  0  0  0  0/0    15:19   0:00   0:00 
Ryan Ellis               0  3  3   3  0   4  0  1  0  0  0/0    23:33   1:54   1:18 
Sami Vatanen             0  0  0   0  0   0  1  0  0  0  0/0    21:08   2:04   0:41 
Troy Brouwer             0  0  0   0  0   0  1  0  0  0  1/1     8:15   0:00   0:00 

Players Stats for ANAHEIM

Player Name              G  A  P  +/- PIM S  H  SB GA TA FO     MP     PP MP  PK MP  
------------------------------------------------------------------------------------
Alex Chiasson            0  0  0  -1  0   0  3  0  0  0  0/2    19:06   1:08   1:24 
Anton Stralman           0  2  2   1  0   0  1  2  0  0  0/0    18:03   0:45   1:48 
Brendan Guhle            0  0  0   0  0   0  0  0  0  0  0/0     0:00   0:00   0:00 
Caleb Jones              0  0  0  -1  0   1  0  0  0  0  0/0     6:21   0:00   0:00 
Casey Nelson             0  0  0   0  0   0  0  0  0  0  0/0     0:48   0:00   0:48 
Derrick Pouliot          0  0  0  -1  0   0  0  0  0  0  0/0     6:21   0:00   0:00 
Evgeny Kuznetsov         0  0  0  -2  0   2  0  0  0  0  8/19   23:41   0:51   1:56 
Jake McCabe              0  0  0   0  0   0  2  0  0  0  0/0    13:31   0:00   0:07 
Jansen Harkins           0  0  0   0  0   1  0  0  0  0  2/6    17:19   0:00   0:00 
Jesper Fast              0  0  0  -2  0   0  3  0  0  0  2/2    20:39   0:51   0:28 
Joel Edmundson           0  1  1   1  0   1  2  1  0  0  0/0    17:56   0:45   1:41 
Lucas Wallmark           0  1  1   0  0   1  0  0  0  0  9/14   17:46   0:00   1:34 
Michael Frolik           0  1  1  -1  0   1  0  0  0  0  0/1    18:23   1:08   1:04 
Nate Schmidt             0  0  0  -3  0   3  0  0  0  0  0/0    22:12   1:14   2:10 
Olli Maatta              0  0  0  -3  2   0  2  2  0  0  0/0    21:23   1:14   1:22 
Pierre-Luc Dubois        2  0  2  -1  2   5  5  0  0  0  12/24  22:37   1:08   1:02 
Tanner Pearson           0  0  0  -2  0   1  0  0  0  0  1/3    20:39   0:51   0:28 
Trevor van Riemsdyk      0  1  1   0  0   0  1  0  0  0  0/0    13:24   0:00   0:00 
Tyler Motte              1  0  1   0  2   2  1  0  0  0  0/2    13:51   0:00   0:00 

3 Stars

1 - Nazem Kadri (VAN)
2 - Mark Stone (VAN)
3 - Ryan Ellis (VAN)

Power Play

VANCOUVER - 0 on 2 Attempt(s) - 0.00%
ANAHEIM - 0 on 1 Attempt(s) - 0.00%

Penalty Kill

VANCOUVER - 1 on 1 Attempt(s) - 100.00% - Score 0 goal in Penalty Kill
ANAHEIM - 2 on 2 Attempt(s) - 100.00% - Score 0 goal in Penalty Kill

Team Stat

VANCOUVER - Hits : 14 - Faceoff Wins : 39 - Blocked Shots : 4 - Penalty Minutes : 4
ANAHEIM - Hits : 20 - Faceoff Wins : 34 - Blocked Shots : 5 - Penalty Minutes : 6

Official

Referees : Kenny Prato and Chris Schlenker
Linesman : Shaun Young and Tyson Baker

Game Notes

No Game Note

Finance

Level 1 -- Attendance: 5919 (98.65%) -- Ticket Income $526,791
Level 2 -- Attendance: 4503 (90.06%) -- Ticket Income $243,162
Level 3 -- Attendance: 2000 (100.00%) -- Ticket Income $56,000
Level 4 -- Attendance: 3380 (84.50%) -- Ticket Income $70,980
Luxury Box -- Attendance: 848 (84.80%) -- Ticket Income $157,728
Game was played at the Honda Center.
Total Attendance: 16650 (92.50%)
Total Ticket Income: $1,054,661
Total Income: $1,054,661

VANCOUVER

5 vs 5 Forward 
   Center                   Left Wing                Right Wing               Time % Phy DF OF 
 1 Nazem Kadri              Jonathan Huberdeau       Mark Stone               35     1   2  2  
 2 Nick Schmaltz            Nikolaj Ehlers           Jakub Vrana              30     1   2  2  
 3 Chris Wagner             Alex Steen               Kevin Labanc             25     1   2  2  
 4 Mark Stone               Troy Brouwer             Melker Karlsson          10     1   2  2  

5 vs 5 Defense 
   Defense                  Defense                                           Time % Phy DF OF 
 1 Ryan Ellis               Erik Johnson                                      35     1   2  2  
 2 Hampus Lindholm          Sami Vatanen                                      30     1   2  2  
 3 Luca Sbisa               Riley Stillman                                    25     1   2  2  
 4 Dennis Gilbert           Ryan Ellis                                        10     1   2  2  

PowerPlay Forward 
   Center                   Left Wing                Right Wing               Time % Phy DF OF 
 1 Nazem Kadri              Jonathan Huberdeau       Mark Stone               60     1   2  2  
 2 Nick Schmaltz            Nikolaj Ehlers           Jakub Vrana              40     1   2  2  

PowerPlay Defense
   Defense                  Defense                                           Time % Phy DF OF 
 1 Ryan Ellis               Erik Johnson                                      60     1   2  2  
 2 Hampus Lindholm          Sami Vatanen                                      40     1   2  2  

Penalty Kill 4 Players Forward 
   Center                   Wing                     Time % Phy DF OF 
 1 Mark Stone               Jonathan Huberdeau       60     1   2  2  
 2 Nikolaj Ehlers           Jakub Vrana              40     1   2  2  

Penalty Kill 4 Players Defense
   Defense                  Defense                  Time % Phy DF OF 
 1 Ryan Ellis               Erik Johnson             60     1   2  2  
 2 Hampus Lindholm          Sami Vatanen             40     1   2  2  

Penalty Kill - 3 Players Forward 
   Forward                                           Time % Phy DF OF 
 1 Mark Stone                                        60     1   2  2  
 2 Jonathan Huberdeau                                40     1   2  2  

Penalty Kill - 3 Players Defense
   Defense                  Defense                  Time % Phy DF OF 
 1 Ryan Ellis               Erik Johnson             60     1   2  2  
 2 Hampus Lindholm          Sami Vatanen             40     1   2  2  

4 vs 4 Forward 
   Center                   Wing                     Time % Phy DF OF 
 1 Mark Stone               Jonathan Huberdeau       60     1   2  2  
 2 Nikolaj Ehlers           Jakub Vrana              40     1   2  2  

4 vs 4 Defense
   Defense                  Defense                  Time % Phy DF OF 
 1 Ryan Ellis               Erik Johnson             60     1   2  2  
 2 Hampus Lindholm          Sami Vatanen             40     1   2  2  

Last Minutes Offensive
   Center                   Left Wing                Right Wing               Defense                  Defense                  
   Nazem Kadri              Jonathan Huberdeau       Mark Stone               Ryan Ellis               Erik Johnson             

Last Minutes Defensive
   Center                   Left Wing                Right Wing               Defense                  Defense                  
   Nazem Kadri              Jonathan Huberdeau       Mark Stone               Ryan Ellis               Erik Johnson             

Goaltenders
Starting : Hunter Miska             
Backup : Emil Larmi               

Extra Forwards
Normal : Alex Steen, Kevin Labanc, Chris Wagner - PP : Alex Steen, Kevin Labanc - PK : Chris Wagner
Extra Defensemen
Normal : Luca Sbisa, Riley Stillman, Dennis Gilbert - PP : Luca Sbisa - PK : Riley Stillman, Dennis Gilbert
Penalty Shots
Mark Stone, Jonathan Huberdeau, Nikolaj Ehlers, Jakub Vrana, Nazem Kadri

Scratches
Trevor Moore (Healthy), Sheldon Dries (Healthy), VAN Cap Hit (Suspend), Petr Mrazek (Suspend)

ANAHEIM

5 vs 5 Forward 
   Center                   Left Wing                Right Wing               Time % Phy DF OF 
 1 Evgeny Kuznetsov         Tanner Pearson           Jesper Fast              35     1   2  2  
 2 Pierre-Luc Dubois        Alex Chiasson            Michael Frolik           30     1   2  2  
 3 Lucas Wallmark           Jansen Harkins           Tyler Motte              25     1   2  2  
 4 Jansen Harkins           Evgeny Kuznetsov         Pierre-Luc Dubois        10     1   2  2  

5 vs 5 Defense 
   Defense                  Defense                                           Time % Phy DF OF 
 1 Nate Schmidt             Olli Maatta                                       35     1   2  2  
 2 Joel Edmundson           Anton Stralman                                    30     1   2  2  
 3 Jake McCabe              Trevor van Riemsdyk                               25     1   2  2  
 4 Caleb Jones              Derrick Pouliot                                   10     1   2  2  

PowerPlay Forward 
   Center                   Left Wing                Right Wing               Time % Phy DF OF 
 1 Evgeny Kuznetsov         Tanner Pearson           Jesper Fast              60     1   2  2  
 2 Pierre-Luc Dubois        Alex Chiasson            Michael Frolik           40     1   2  2  

PowerPlay Defense
   Defense                  Defense                                           Time % Phy DF OF 
 1 Nate Schmidt             Olli Maatta                                       60     1   2  2  
 2 Joel Edmundson           Anton Stralman                                    40     1   2  2  

Penalty Kill 4 Players Forward 
   Center                   Wing                     Time % Phy DF OF 
 1 Evgeny Kuznetsov         Pierre-Luc Dubois        60     1   2  2  
 2 Tanner Pearson           Jesper Fast              40     1   2  2  

Penalty Kill 4 Players Defense
   Defense                  Defense                  Time % Phy DF OF 
 1 Nate Schmidt             Olli Maatta              60     1   2  2  
 2 Joel Edmundson           Anton Stralman           40     1   2  2  

Penalty Kill - 3 Players Forward 
   Forward                                           Time % Phy DF OF 
 1 Evgeny Kuznetsov                                  60     1   2  2  
 2 Pierre-Luc Dubois                                 40     1   2  2  

Penalty Kill - 3 Players Defense
   Defense                  Defense                  Time % Phy DF OF 
 1 Nate Schmidt             Olli Maatta              60     1   2  2  
 2 Joel Edmundson           Anton Stralman           40     1   2  2  

4 vs 4 Forward 
   Center                   Wing                     Time % Phy DF OF 
 1 Evgeny Kuznetsov         Pierre-Luc Dubois        60     1   2  2  
 2 Tanner Pearson           Jesper Fast              40     1   2  2  

4 vs 4 Defense
   Defense                  Defense                  Time % Phy DF OF 
 1 Nate Schmidt             Olli Maatta              60     1   2  2  
 2 Joel Edmundson           Anton Stralman           40     1   2  2  

Last Minutes Offensive
   Center                   Left Wing                Right Wing               Defense                  Defense                  
   Evgeny Kuznetsov         Tanner Pearson           Jesper Fast              Nate Schmidt             Olli Maatta              

Last Minutes Defensive
   Center                   Left Wing                Right Wing               Defense                  Defense                  
   Evgeny Kuznetsov         Tanner Pearson           Jesper Fast              Nate Schmidt             Olli Maatta              

Goaltenders
Starting : Juuse Saros              
Backup : Cam Talbot               

Extra Forwards
Normal : Lucas Wallmark, Tyler Motte, Alex Chiasson - PP : Lucas Wallmark, Tyler Motte - PK : Alex Chiasson
Extra Defensemen
Normal : Brendan Guhle, Casey Nelson, Jake McCabe - PP : Brendan Guhle - PK : Casey Nelson, Jake McCabe
Penalty Shots
Evgeny Kuznetsov, Pierre-Luc Dubois, Tanner Pearson, Jesper Fast, Alex Chiasson

Scratches
ANA Cap Hit (Suspend), Connor McDavid (Exhaustion), Edward Pasquale (Healthy)

% Time on Ice - VANCOUVER

Lines # - Real PCT - Wanted PCT - Time Play
Normal Forward
1 - 27% - 35% - 14:12
2 - 30% - 30% - 15:33
3 - 27% - 25% - 14:04
4 - 16% - 10% - 8:15
Normal Defense
1 - 29% - 35% - 15:15
2 - 33% - 30% - 17:19
3 - 29% - 25% - 15:19
4 - 8% - 10% - 4:11
PP Forward
1 - 48% - 60% - 1:54
2 - 52% - 40% - 2:04
PP Defense
1 - 48% - 60% - 1:54
2 - 52% - 40% - 2:04
PK Forward
1 - 100% - 60% - 1:59
2 - 0% - 40% - 0:00
PK Defense
1 - 66% - 60% - 1:18
2 - 34% - 40% - 0:41
PK3 Forward
1 - 0% - 60%
2 - 0% - 40%
PK3 Defense
1 - 0% - 60%
2 - 0% - 40%
44 Forward
1 - 46% - 60% - 0:55
2 - 54% - 40% - 1:04
44 Defense
1 - 46% - 60% - 0:55
2 - 54% - 40% - 1:04
Last Minute Offensive  - 0:00
Last Minute Defensive  - 0:00
Total
Forward - 60:00
Defense - 60:00

% Time on Ice - ANAHEIM

Lines # - Real PCT - Wanted PCT - Time Play
Normal Forward
1 - 36% - 35% - 18:34
2 - 31% - 30% - 16:11
3 - 27% - 25% - 13:52
4 - 7% - 10% - 3:27
Normal Defense
1 - 34% - 35% - 17:35
2 - 28% - 30% - 14:44
3 - 26% - 25% - 13:24
4 - 12% - 10% - 6:21
PP Forward
1 - 43% - 60% - 0:51
2 - 57% - 40% - 1:08
PP Defense
1 - 62% - 60% - 1:14
2 - 38% - 40% - 0:45
PK Forward
1 - 88% - 60% - 3:30
2 - 12% - 40% - 0:28
PK Defense
1 - 58% - 60% - 2:17
2 - 42% - 40% - 1:41
PK3 Forward
1 - 0% - 60%
2 - 0% - 40%
PK3 Defense
1 - 0% - 60%
2 - 0% - 40%
44 Forward
1 - 61% - 60% - 1:13
2 - 39% - 40% - 0:46
44 Defense
1 - 61% - 60% - 1:13
2 - 39% - 40% - 0:46
Last Minute Offensive  - 0:00
Last Minute Defensive  - 0:00
Total
Forward - 60:00
Defense - 60:00

Play-by-Play

1st period


0:01 of 1st period - Jesper Fast wins face-off versus Nazem Kadri in neutral zone.
0:01 of 1st period - Nate Schmidt is hit by Nazem Kadri and loses puck.
0:58 of 1st period - Shot by Pierre-Luc Dubois.
0:58 of 1st period - Shot Misses the Net.
1:00 of 1st period - Shot by Anton Stralman.
1:00 of 1st period - Deflect By Michael Frolik.
1:00 of 1st period - Stopped by Hunter Miska without a rebound.
1:01 of 1st period - Lucas Wallmark wins face-off versus Nick Schmaltz in VANCOUVER zone.
1:35 of 1st period - Off-side.
1:36 of 1st period - Chris Wagner wins face-off versus Pierre-Luc Dubois in neutral zone.
1:58 of 1st period - Chris Wagner is hit by Joel Edmundson and loses puck.
2:06 of 1st period - Kevin Labanc is hit by Anton Stralman and loses puck.
3:31 of 1st period - Icing by Ryan Ellis.
3:32 of 1st period - Lucas Wallmark wins face-off versus Mark Stone in VANCOUVER zone.
3:51 of 1st period - Icing by Dennis Gilbert.
3:52 of 1st period - Pierre-Luc Dubois wins face-off versus Mark Stone in VANCOUVER zone.
4:19 of 1st period - Icing by Hampus Lindholm.
4:20 of 1st period - Evgeny Kuznetsov wins face-off versus Nick Schmaltz in VANCOUVER zone.
4:26 of 1st period - Evgeny Kuznetsov is hit by Sami Vatanen and loses puck.
4:49 of 1st period - Shot by Jesper Fast.
4:49 of 1st period - Deflect By Evgeny Kuznetsov.
4:49 of 1st period - Stopped by Hunter Miska without a rebound.
4:50 of 1st period - Lucas Wallmark wins face-off versus Chris Wagner in VANCOUVER zone.
5:25 of 1st period - Shot by Lucas Wallmark.
5:25 of 1st period - Stopped by Hunter Miska with a rebound.
6:39 of 1st period - Shot by Tanner Pearson.
6:39 of 1st period - Shot Hit the Post.
6:46 of 1st period - Nikolaj Ehlers is hit by Joel Edmundson and loses puck.
6:54 of 1st period - Icing by Anton Stralman.
6:55 of 1st period - Jesper Fast wins face-off versus Nazem Kadri in ANAHEIM zone.
8:03 of 1st period - Shot by Lucas Wallmark.
8:03 of 1st period - Shot Misses the Net.
8:05 of 1st period - Shot by Jake McCabe.
8:05 of 1st period - Shot Misses the Net.
9:00 of 1st period - Shot by Nate Schmidt.
9:00 of 1st period - Stopped by Hunter Miska without a rebound.
9:01 of 1st period - Nick Schmaltz wins face-off versus Lucas Wallmark in VANCOUVER zone.
10:19 of 1st period - Off-side.
10:20 of 1st period - Mark Stone wins face-off versus Evgeny Kuznetsov in neutral zone.
11:21 of 1st period - Minor Penalty to Pierre-Luc Dubois for Holding.
11:22 of 1st period - Nazem Kadri wins face-off versus Evgeny Kuznetsov in ANAHEIM zone.
11:31 of 1st period - Shot by Ryan Ellis.
11:31 of 1st period - Shot Misses the Net.
11:33 of 1st period - Shot by Erik Johnson.
11:33 of 1st period - Stopped by Juuse Saros without a rebound.
11:34 of 1st period - Evgeny Kuznetsov wins face-off versus Nick Schmaltz in ANAHEIM zone.
11:46 of 1st period - Shot by Sami Vatanen.
11:46 of 1st period - Shot Misses the Net.
11:48 of 1st period - Shot by Hampus Lindholm.
11:48 of 1st period - Stopped by Juuse Saros without a rebound.
11:49 of 1st period - Nazem Kadri wins face-off versus Evgeny Kuznetsov in ANAHEIM zone.
11:50 of 1st period - Shot by Ryan Ellis.
11:50 of 1st period - Stopped by Juuse Saros without a rebound.
11:51 of 1st period - Mark Stone wins face-off versus Evgeny Kuznetsov in ANAHEIM zone.
12:12 of 1st period - Shot by Ryan Ellis.
12:12 of 1st period - Stopped by Juuse Saros without a rebound.
12:13 of 1st period - Lucas Wallmark wins face-off versus Nick Schmaltz in ANAHEIM zone.
12:21 of 1st period - Sami Vatanen is hit by Olli Maatta and loses puck.
12:24 of 1st period - Shot by Sami Vatanen.
12:24 of 1st period - Shot Misses the Net.
12:26 of 1st period - Shot by Hampus Lindholm.
12:26 of 1st period - Shot Blocked by Olli Maatta.
12:28 of 1st period - Shot by Nick Schmaltz.
12:28 of 1st period - Deflect By Nikolaj Ehlers.
12:28 of 1st period - Shot Blocked by Olli Maatta.
12:30 of 1st period - Shot by Nick Schmaltz.
12:30 of 1st period - Shot Misses the Net.
12:32 of 1st period - Shot by Nikolaj Ehlers.
12:32 of 1st period - Deflect By Nick Schmaltz.
12:32 of 1st period - Stopped by Juuse Saros with a rebound.
12:39 of 1st period - Nikolaj Ehlers is hit by Olli Maatta and loses puck.
13:02 of 1st period - Nate Schmidt is hit by Erik Johnson and loses puck.
13:25 of 1st period - Icing by Chris Wagner.
13:26 of 1st period - Chris Wagner wins face-off versus Jansen Harkins in VANCOUVER zone.
13:26 of 1st period - Chris Wagner is hit by Pierre-Luc Dubois.
13:48 of 1st period - Shot by Jake McCabe.
13:48 of 1st period - Shot Blocked by Luca Sbisa.
14:05 of 1st period - Icing by Luca Sbisa.
14:06 of 1st period - Lucas Wallmark wins face-off versus Chris Wagner in VANCOUVER zone.
14:13 of 1st period - Shot by Kevin Labanc.
14:13 of 1st period - Shot Misses the Net.
14:27 of 1st period - Shot by Lucas Wallmark.
14:27 of 1st period - Shot Blocked by Luca Sbisa.
14:29 of 1st period - Shot by Tyler Motte.
14:29 of 1st period - Goal by Tyler Motte - VANCOUVER : 0 - ANAHEIM : 1.
14:30 of 1st period - Nazem Kadri wins face-off versus Pierre-Luc Dubois in neutral zone.
14:41 of 1st period - Shot by Nazem Kadri.
14:41 of 1st period - Stopped by Juuse Saros with a rebound.
14:43 of 1st period - Shot by Ryan Ellis.
14:43 of 1st period - Stopped by Juuse Saros without a rebound.
14:44 of 1st period - Nick Schmaltz wins face-off versus Evgeny Kuznetsov in ANAHEIM zone.
14:44 of 1st period - Jakub Vrana is hit by Trevor van Riemsdyk and loses puck.
14:47 of 1st period - Shot by Nick Schmaltz.
14:47 of 1st period - Goal by Nick Schmaltz - VANCOUVER : 1 - ANAHEIM : 1.
14:48 of 1st period - Pierre-Luc Dubois wins face-off versus Mark Stone in neutral zone.
15:03 of 1st period - Shot by Nazem Kadri.
15:03 of 1st period - Goal by Nazem Kadri - VANCOUVER : 2 - ANAHEIM : 1.
15:04 of 1st period - Nick Schmaltz wins face-off versus Evgeny Kuznetsov in neutral zone.
15:52 of 1st period - Icing by Hampus Lindholm.
15:53 of 1st period - Pierre-Luc Dubois wins face-off versus Nick Schmaltz in VANCOUVER zone.
17:59 of 1st period - Shot by Evgeny Kuznetsov.
17:59 of 1st period - Stopped by Hunter Miska without a rebound.
18:00 of 1st period - Pierre-Luc Dubois wins face-off versus Chris Wagner in VANCOUVER zone.
18:07 of 1st period - Shot by Michael Frolik.
18:07 of 1st period - Shot Misses the Net.
18:09 of 1st period - Shot by Pierre-Luc Dubois.
18:09 of 1st period - Shot Misses the Net.
18:11 of 1st period - Shot by Trevor van Riemsdyk.
18:11 of 1st period - Shot Misses the Net.
18:13 of 1st period - Shot by Pierre-Luc Dubois.
18:13 of 1st period - Goal by Pierre-Luc Dubois - VANCOUVER : 2 - ANAHEIM : 2.
18:14 of 1st period - Jansen Harkins wins face-off versus Mark Stone in neutral zone.
19:01 of 1st period - Sami Vatanen is hit by Jesper Fast and loses puck.
19:06 of 1st period - Shot by Evgeny Kuznetsov.
19:06 of 1st period - Shot Misses the Net.
19:10 of 1st period - Shot by Tanner Pearson.
19:10 of 1st period - Shot Misses the Net.
19:30 of 1st period - Shot by Joel Edmundson.
19:30 of 1st period - Stopped by Hunter Miska without a rebound.
19:31 of 1st period - Pierre-Luc Dubois wins face-off versus Nick Schmaltz in VANCOUVER zone.
19:34 of 1st period - Shot by Pierre-Luc Dubois.
19:34 of 1st period - Stopped by Hunter Miska without a rebound.
19:35 of 1st period - Pierre-Luc Dubois wins face-off versus Nick Schmaltz in VANCOUVER zone.
Goals for this period are 2 for VANCOUVER vs 2 for ANAHEIM.
Shots for this period are 9 for VANCOUVER vs 9 for ANAHEIM.

2nd period


0:01 of 2nd period - Nazem Kadri wins face-off versus Jansen Harkins in neutral zone.
1:04 of 2nd period - Icing by Nick Schmaltz.
1:05 of 2nd period - Nick Schmaltz wins face-off versus Tanner Pearson in VANCOUVER zone.
2:00 of 2nd period - Shot by Hampus Lindholm.
2:00 of 2nd period - Shot Misses the Net.
2:10 of 2nd period - Shot by Chris Wagner.
2:10 of 2nd period - Stopped by Juuse Saros without a rebound.
2:11 of 2nd period - Nazem Kadri wins face-off versus Lucas Wallmark in ANAHEIM zone.
2:18 of 2nd period - Shot by Nazem Kadri.
2:18 of 2nd period - Goal by Nazem Kadri - VANCOUVER : 3 - ANAHEIM : 2.
2:19 of 2nd period - Pierre-Luc Dubois wins face-off versus Nazem Kadri in neutral zone.
2:42 of 2nd period - Off-side.
2:43 of 2nd period - Evgeny Kuznetsov wins face-off versus Nikolaj Ehlers in neutral zone.
3:42 of 2nd period - Shot by Mark Stone.
3:42 of 2nd period - Goal by Mark Stone - VANCOUVER : 4 - ANAHEIM : 2.
3:43 of 2nd period - Chris Wagner wins face-off versus Lucas Wallmark in neutral zone.
3:43 of 2nd period - Luca Sbisa is hit by Tyler Motte and loses puck.
4:04 of 2nd period - Shot by Tyler Motte.
4:04 of 2nd period - Stopped by Hunter Miska without a rebound.
4:05 of 2nd period - Nazem Kadri wins face-off versus Pierre-Luc Dubois in VANCOUVER zone.
4:05 of 2nd period - Nazem Kadri is hit by Alex Chiasson.
4:22 of 2nd period - Icing by Pierre-Luc Dubois.
4:23 of 2nd period - Chris Wagner wins face-off versus Pierre-Luc Dubois in ANAHEIM zone.
4:33 of 2nd period - Shot by Pierre-Luc Dubois.
4:33 of 2nd period - Shot Misses the Net.
4:35 of 2nd period - Shot by Jake McCabe.
4:35 of 2nd period - Shot Misses the Net.
5:30 of 2nd period - Nate Schmidt is hit by Mark Stone and loses puck.
6:06 of 2nd period - Minor Penalty to Olli Maatta for Roughing.
6:07 of 2nd period - Lucas Wallmark wins face-off versus Nick Schmaltz in ANAHEIM zone.
6:07 of 2nd period - Lucas Wallmark is hit by Nikolaj Ehlers.
6:34 of 2nd period - Joel Edmundson is hit by Jakub Vrana and loses puck.
7:01 of 2nd period - Shot by Ryan Ellis.
7:01 of 2nd period - Shot Misses the Net.
7:03 of 2nd period - Shot by Ryan Ellis.
7:03 of 2nd period - Stopped by Juuse Saros without a rebound.
7:04 of 2nd period - Nazem Kadri wins face-off versus Alex Chiasson in ANAHEIM zone.
7:30 of 2nd period - Off-side.
7:31 of 2nd period - Nick Schmaltz wins face-off versus Tanner Pearson in neutral zone.
7:43 of 2nd period - Icing by Hampus Lindholm.
7:44 of 2nd period - Evgeny Kuznetsov wins face-off versus Nick Schmaltz in VANCOUVER zone.
7:55 of 2nd period - Shot by Hampus Lindholm.
7:55 of 2nd period - Stopped by Juuse Saros without a rebound.
7:56 of 2nd period - Nazem Kadri wins face-off versus Evgeny Kuznetsov in ANAHEIM zone.
8:20 of 2nd period - Minor Penalty to Tyler Motte for Roughing.
8:20 of 2nd period - Minor Penalty to Luca Sbisa for Holding.
8:21 of 2nd period - Evgeny Kuznetsov wins face-off versus Mark Stone in VANCOUVER zone.
9:18 of 2nd period - Jesper Fast is hit by Jakub Vrana and loses puck.
9:27 of 2nd period - Hampus Lindholm is hit by Jesper Fast and loses puck.
9:40 of 2nd period - Shot by Nikolaj Ehlers.
9:40 of 2nd period - Stopped by Juuse Saros with a rebound.
10:32 of 2nd period - Off-side.
10:33 of 2nd period - Chris Wagner wins face-off versus Michael Frolik in neutral zone.
10:44 of 2nd period - Shot by Alex Steen.
10:44 of 2nd period - Stopped by Juuse Saros without a rebound.
10:45 of 2nd period - Lucas Wallmark wins face-off versus Mark Stone in ANAHEIM zone.
10:54 of 2nd period - Tyler Motte is hit by Troy Brouwer and loses puck.
14:16 of 2nd period - Icing by Ryan Ellis.
14:17 of 2nd period - Lucas Wallmark wins face-off versus Jonathan Huberdeau in VANCOUVER zone.
14:35 of 2nd period - Icing by Trevor van Riemsdyk.
14:36 of 2nd period - Chris Wagner wins face-off versus Tyler Motte in ANAHEIM zone.
14:36 of 2nd period - Kevin Labanc is hit by Jake McCabe.
14:58 of 2nd period - Shot by Tyler Motte.
14:58 of 2nd period - Shot Misses the Net.
15:02 of 2nd period - Shot by Tyler Motte.
15:02 of 2nd period - Shot Misses the Net.
16:10 of 2nd period - Shot by Nazem Kadri.
16:10 of 2nd period - Stopped by Juuse Saros without a rebound.
16:11 of 2nd period - Nazem Kadri wins face-off versus Evgeny Kuznetsov in ANAHEIM zone.
16:20 of 2nd period - Shot by Mark Stone.
16:20 of 2nd period - Stopped by Juuse Saros without a rebound.
16:21 of 2nd period - Jansen Harkins wins face-off versus Nick Schmaltz in ANAHEIM zone.
16:41 of 2nd period - Shot by Evgeny Kuznetsov.
16:41 of 2nd period - Shot Misses the Net.
16:43 of 2nd period - Shot by Pierre-Luc Dubois.
16:43 of 2nd period - Deflect By Jansen Harkins.
16:43 of 2nd period - Shot Misses the Net.
16:45 of 2nd period - Shot by Jansen Harkins.
16:45 of 2nd period - Shot Misses the Net.
16:47 of 2nd period - Shot by Caleb Jones.
16:47 of 2nd period - Stopped by Hunter Miska without a rebound.
16:48 of 2nd period - Nazem Kadri wins face-off versus Pierre-Luc Dubois in VANCOUVER zone.
17:03 of 2nd period - Shot by Jonathan Huberdeau.
17:03 of 2nd period - Goal by Jonathan Huberdeau - VANCOUVER : 5 - ANAHEIM : 2.
17:04 of 2nd period - Evgeny Kuznetsov wins face-off versus Mark Stone in neutral zone.
17:27 of 2nd period - Olli Maatta is hit by Mark Stone and loses puck.
17:40 of 2nd period - Shot by Erik Johnson.
17:40 of 2nd period - Stopped by Juuse Saros without a rebound.
17:41 of 2nd period - Nick Schmaltz wins face-off versus Lucas Wallmark in ANAHEIM zone.
18:00 of 2nd period - Shot by Nikolaj Ehlers.
18:00 of 2nd period - Shot Blocked by Joel Edmundson.
18:02 of 2nd period - Shot by Riley Stillman.
18:02 of 2nd period - Deflect By Nikolaj Ehlers.
18:02 of 2nd period - Shot Blocked by Anton Stralman.
18:04 of 2nd period - Shot by Luca Sbisa.
18:04 of 2nd period - Shot Blocked by Anton Stralman.
18:06 of 2nd period - Shot by Luca Sbisa.
18:06 of 2nd period - Stopped by Juuse Saros without a rebound.
18:07 of 2nd period - Pierre-Luc Dubois wins face-off versus Nazem Kadri in ANAHEIM zone.
18:16 of 2nd period - Shot by Michael Frolik.
18:16 of 2nd period - Shot Misses the Net.
18:27 of 2nd period - Icing by Sami Vatanen.
18:28 of 2nd period - Nazem Kadri wins face-off versus Evgeny Kuznetsov in VANCOUVER zone.
18:38 of 2nd period - Off-side.
18:39 of 2nd period - Nick Schmaltz wins face-off versus Pierre-Luc Dubois in neutral zone.
19:06 of 2nd period - Icing by Michael Frolik.
19:07 of 2nd period - Pierre-Luc Dubois wins face-off versus Chris Wagner in ANAHEIM zone.
19:18 of 2nd period - Shot by Pierre-Luc Dubois.
19:18 of 2nd period - Goal by Pierre-Luc Dubois - VANCOUVER : 5 - ANAHEIM : 3.
19:19 of 2nd period - Nazem Kadri wins face-off versus Evgeny Kuznetsov in neutral zone.
19:48 of 2nd period - Shot by Tanner Pearson.
19:48 of 2nd period - Stopped by Hunter Miska with a rebound.
19:50 of 2nd period - Shot by Jesper Fast.
19:50 of 2nd period - Shot Blocked by Luca Sbisa.
Goals for this period are 3 for VANCOUVER vs 1 for ANAHEIM.
Shots for this period are 12 for VANCOUVER vs 4 for ANAHEIM.

3rd period


0:01 of 3rd period - Nazem Kadri wins face-off versus Jansen Harkins in neutral zone.
2:13 of 3rd period - Michael Frolik is hit by Chris Wagner and loses puck.
2:33 of 3rd period - Shot by Alex Steen.
2:33 of 3rd period - Shot Misses the Net.
2:36 of 3rd period - Icing by Jake McCabe.
2:37 of 3rd period - Mark Stone wins face-off versus Alex Chiasson in ANAHEIM zone.
2:44 of 3rd period - Shot by Melker Karlsson.
2:44 of 3rd period - Stopped by Juuse Saros without a rebound.
2:45 of 3rd period - Nick Schmaltz wins face-off versus Tyler Motte in ANAHEIM zone.
4:06 of 3rd period - Icing by Joel Edmundson.
4:07 of 3rd period - Evgeny Kuznetsov wins face-off versus Chris Wagner in ANAHEIM zone.
5:02 of 3rd period - Shot by Alex Chiasson.
5:02 of 3rd period - Shot Misses the Net.
5:35 of 3rd period - Shot by Tyler Motte.
5:35 of 3rd period - Shot Hit the Post.
6:17 of 3rd period - Shot by Jonathan Huberdeau.
6:17 of 3rd period - Stopped by Juuse Saros without a rebound.
6:18 of 3rd period - Chris Wagner wins face-off versus Pierre-Luc Dubois in ANAHEIM zone.
6:31 of 3rd period - Shot by Pierre-Luc Dubois.
6:31 of 3rd period - Shot Misses the Net.
6:43 of 3rd period - Shot by Pierre-Luc Dubois.
6:43 of 3rd period - Stopped by Hunter Miska without a rebound.
6:44 of 3rd period - Nazem Kadri wins face-off versus Jansen Harkins in VANCOUVER zone.
6:59 of 3rd period - Shot by Mark Stone.
6:59 of 3rd period - Stopped by Juuse Saros without a rebound.
7:00 of 3rd period - Troy Brouwer wins face-off versus Lucas Wallmark in ANAHEIM zone.
8:12 of 3rd period - Shot by Nikolaj Ehlers.
8:12 of 3rd period - Shot Misses the Net.
8:38 of 3rd period - Icing by Riley Stillman.
8:39 of 3rd period - Chris Wagner wins face-off versus Pierre-Luc Dubois in VANCOUVER zone.
8:39 of 3rd period - Chris Wagner is hit by Alex Chiasson.
8:42 of 3rd period - Kevin Labanc is hit by Alex Chiasson and loses puck.
9:12 of 3rd period - Shot by Pierre-Luc Dubois.
9:12 of 3rd period - Shot Misses the Net.
9:18 of 3rd period - Luca Sbisa is hit by Pierre-Luc Dubois and loses puck.
11:29 of 3rd period - Erik Johnson is hit by Pierre-Luc Dubois and loses puck.
11:43 of 3rd period - Icing by Olli Maatta.
11:44 of 3rd period - Alex Steen wins face-off versus Pierre-Luc Dubois in ANAHEIM zone.
11:49 of 3rd period - Shot by Kevin Labanc.
11:49 of 3rd period - Stopped by Juuse Saros with a rebound.
11:51 of 3rd period - Shot by Alex Steen.
11:51 of 3rd period - Shot Misses the Net.
11:53 of 3rd period - Shot by Chris Wagner.
11:53 of 3rd period - Goal by Chris Wagner - VANCOUVER : 6 - ANAHEIM : 3.
11:54 of 3rd period - Tanner Pearson wins face-off versus Nazem Kadri in neutral zone.
11:56 of 3rd period - Anton Stralman is hit by Jonathan Huberdeau and loses puck.
12:12 of 3rd period - Tanner Pearson is hit by Mark Stone and loses puck.
12:16 of 3rd period - Minor Penalty to Mark Stone for Tripping.
12:17 of 3rd period - Pierre-Luc Dubois wins face-off versus Chris Wagner in VANCOUVER zone.
12:18 of 3rd period - Shot by Nate Schmidt.
12:18 of 3rd period - Stopped by Hunter Miska without a rebound.
12:19 of 3rd period - Pierre-Luc Dubois wins face-off versus Chris Wagner in VANCOUVER zone.
12:27 of 3rd period - Icing by Michael Frolik.
12:28 of 3rd period - Chris Wagner wins face-off versus Pierre-Luc Dubois in ANAHEIM zone.
12:39 of 3rd period - Shot by Pierre-Luc Dubois.
12:39 of 3rd period - Stopped by Hunter Miska without a rebound.
12:40 of 3rd period - Evgeny Kuznetsov wins face-off versus Chris Wagner in VANCOUVER zone.
12:41 of 3rd period - Shot by Tanner Pearson.
12:41 of 3rd period - Shot Misses the Net.
12:43 of 3rd period - Shot by Nate Schmidt.
12:43 of 3rd period - Shot Misses the Net.
12:45 of 3rd period - Shot by Evgeny Kuznetsov.
12:45 of 3rd period - Shot Blocked by Ryan Ellis.
12:52 of 3rd period - Tanner Pearson is hit by Erik Johnson.
13:35 of 3rd period - Erik Johnson is hit by Pierre-Luc Dubois and loses puck.
13:42 of 3rd period - Erik Johnson is hit by Pierre-Luc Dubois and loses puck.
13:54 of 3rd period - Shot by Joel Edmundson.
13:54 of 3rd period - Shot Misses the Net.
13:56 of 3rd period - Shot by Pierre-Luc Dubois.
13:56 of 3rd period - Shot Misses the Net.
14:37 of 3rd period - Melker Karlsson is hit by Jake McCabe and loses puck.
16:19 of 3rd period - Icing by Nikolaj Ehlers.
16:20 of 3rd period - Lucas Wallmark wins face-off versus Nick Schmaltz in VANCOUVER zone.
16:25 of 3rd period - Shot by Lucas Wallmark.
16:25 of 3rd period - Shot Misses the Net.
16:27 of 3rd period - Shot by Tyler Motte.
16:27 of 3rd period - Shot Misses the Net.
17:10 of 3rd period - Off-side.
17:11 of 3rd period - Chris Wagner wins face-off versus Pierre-Luc Dubois in neutral zone.
17:40 of 3rd period - Shot by Michael Frolik.
17:40 of 3rd period - Shot Misses the Net.
17:42 of 3rd period - Shot by Nate Schmidt.
17:42 of 3rd period - Stopped by Hunter Miska without a rebound.
17:43 of 3rd period - Nazem Kadri wins face-off versus Evgeny Kuznetsov in VANCOUVER zone.
17:43 of 3rd period - Nazem Kadri is hit by Jesper Fast.
17:57 of 3rd period - Shot by Mark Stone.
17:57 of 3rd period - Stopped by Juuse Saros with a rebound.
17:59 of 3rd period - Shot by Nazem Kadri.
17:59 of 3rd period - Deflect By Mark Stone.
17:59 of 3rd period - Stopped by Juuse Saros with a rebound.
18:01 of 3rd period - Shot by Riley Stillman.
18:01 of 3rd period - Shot Misses the Net.
19:10 of 3rd period - Shot by Jansen Harkins.
19:10 of 3rd period - Stopped by Hunter Miska without a rebound.
19:11 of 3rd period - Mark Stone wins face-off versus Pierre-Luc Dubois in VANCOUVER zone.
19:29 of 3rd period - Icing by Nate Schmidt.
19:30 of 3rd period - Pierre-Luc Dubois wins face-off versus Mark Stone in ANAHEIM zone.
19:49 of 3rd period - Olli Maatta is hit by Nazem Kadri and loses puck.
Goals for this period are 1 for VANCOUVER vs 0 for ANAHEIM.
Shots for this period are 7 for VANCOUVER vs 5 for ANAHEIM.